 Dungeon Crawl Stone Soup version 0.30-a0-358-g0d69a1922f (webtiles) character file.

Game seed: 3354057703701209211

628 Kinoniko the Chopper (level 7, -14/70 HPs)
             Began as an Ogre Fighter on Nov 9, 2022.
             Demolished by a komodo dragon (16 damage)
             ... on level 6 of the Dungeon.
             The game lasted 00:04:47 (4528 turns).

Kinoniko the Chopper (Ogre Fighter)                 Turns: 4528, Time: 00:04:48

Health: -14/70     AC:  4    Str: 23    XL:     7   Next: 48%
Magic:  7/7        EV:  9    Int:  9    God:
Gold:   127        SH: 10    Dex: 14    Spells: 6/6 levels left

rFire   . . .      SeeInvis .    a - +0 war axe (venom)
rCold   . . .      Faith    .    c - +1 kite shield
rNeg    . . .      Spirit   .    b - +0 robe
rPois   .          Reflect  .    (helmet restricted)
rElec   .          Harm     .    t - +0 cloak
rCorr   .          Rampage  .    (gloves unavailable)
Will    .....                    (boots unavailable)
Stlth   +.........               (no amulet)
HPRegen 0.31/turn                q - ring of flight
MPRegen 0.10/turn                e - +6 ring of dexterity

@: flying
A: large, unfitting armour, tough skin 1
a: no special abilities


You were on level 6 of the Dungeon.
You visited 1 branch of the dungeon, and saw 6 of its levels.

You collected 288 gold pieces.
You spent 161 gold pieces at shops.

Inventory:

Hand Weapons
 a - a +0 war axe of venom (weapon)
Armour
 b - a +0 robe (worn)
 c - a +1 kite shield (worn)
 t - a +0 cloak (worn)
Jewellery
 e - a +6 ring of dexterity (right hand)
 q - a ring of flight (left hand)
Scrolls
 i - 2 scrolls of teleportation
 k - a scroll of poison
 m - a scroll of identify
 r - 2 scrolls of noise
 s - a scroll of summoning
 v - 2 scrolls of amnesia
 w - a scroll of fear
 x - a scroll of silence
Potions
 d - 2 potions of curing
 f - a potion of mutation {unknown}
 g - a potion of brilliance {unknown}
 h - a potion of attraction {unknown}
 j - 2 potions of flight {unknown}
 l - 3 potions of heal wounds {unknown}
 n - 3 potions of berserk rage {unknown}
 p - a potion of haste {unknown}
 u - a potion of invisibility {unknown}


   Skills:
 - Level 4.0 Fighting
 * Level 6.7 Axes
 - Level 2.6 Dodging
 + Level 5.3 Shields


You had 6 spell levels left.
You didn't know any spells.
Your spell library contained the following spells:

 Spells                   Type           Power      Damage    Failure   Level
 Beastly Appendage        Tmut           0%         N/A       65%         1
 Necrotise                Necr           0%         1d4       65%         1
 Slow                     Hex            0%         N/A       65%         1
 Scorch                   Fire           0%         2d5       80%         2
 Hailstorm                Conj/Ice       0%         3d3       95%         3
 Ignite Poison            Fire/Tmut/Pois 0%         N/A       95%         3
 Stone Arrow              Conj/Erth      0%         3d7       95%         3
 Summon Guardian Golem    Hex/Summ       0%         N/A       95%         3
 Vampiric Draining        Necr           0%         2d6       95%         3
 Animate Armour           Summ/Erth      0%         N/A       100%        4
 Flame Wave               Conj/Fire      0%         2d4       100%        4
 Ice Form                 Ice/Tmut       0%         N/A       100%        4
 Sticky Flame             Conj/Fire      0%         2d3       100%        4
 Agony                    Necr           0%         N/A       100%        5
 Fireball                 Conj/Fire      0%         3d3       100%        5
 Simulacrum               Ice/Necr       0%         N/A       100%        6
 Summon Cactus Giant      Summ           0%         N/A       100%        6
 Ignition                 Fire           0%         3d3       100%        8
 Lehudib's Crystal Spear  Conj/Erth      0%         10d2      100%        8
 Fire Storm               Conj/Fire      0%         5d1       100%        9


Dungeon Overview and Level Annotations

Branches:
Dungeon (6/15)             Temple (0/1) D:6

Altars:
Cheibriados
Fedhas
Makhleb

Shops:
D:2 =   D:4 **   D:5 (


Innate Abilities, Weirdness & Mutations

You are too large for most types of armour.
You have tough skin. (AC +1)


Message History

No target in view!
No target in view!
Found a stone staircase leading down.
Found a scroll of noise.
A komodo dragon comes into view.
Found a staircase to the Ecumenical Temple.
The komodo dragon hisses angrily.
The komodo dragon bites you.
You hit the komodo dragon.
The komodo dragon is lightly wounded.
The komodo dragon bites you! The komodo dragon bites you!!
You are too injured to fight recklessly!
You are too injured to fight recklessly!
You are too injured to fight recklessly!
You are too injured to fight recklessly!
Unknown command.
It was a potion of curing.
You feel better. The komodo dragon barely misses you.
You barely miss the komodo dragon.
The komodo dragon is lightly wounded.
The komodo dragon closely misses you.
You slash the komodo dragon!
The komodo dragon looks as sick as possible!
The komodo dragon is moderately wounded.
The komodo dragon bites you!!
You barely miss the komodo dragon.
The komodo dragon is moderately wounded.
You block the komodo dragon's attack.
Unknown command.
You feel better. You block the komodo dragon's attack.
You hit the komodo dragon.
The komodo dragon is heavily wounded.
The komodo dragon bites you!!
* * * LOW HITPOINT WARNING * * *
You block the komodo dragon's attack.
You barely miss the komodo dragon.
The komodo dragon is heavily wounded.
A necrophage comes into view.
The komodo dragon bites you!
You die...

*,*****,,,****#..#..#.#.#
*,* **,#.** #.###.....# *,*
*,,,..* #.# ###.###
*,****.#,#.####.#####.#
*,,,,,...,......##!...#
*,*,,,#.8.#.....##.####
*,,,*,......#...##.#
*,*,,,8.>.8.?.#.##.#
*,,,*,,,,,,,#@..##.##
***,,,*,8,#.l.#.#...#
**,,,.....###.#.#.#**
*,*,#.#..**#...#...********
*,*..........#####...,,,,,,
*,**.#.#####..,*,,.###*****
*,*#,n.***,..#,*,,*#*
*,**..,,,,....,,,,,,*
*,**,*,**#.#>#,,,,,,***


You could see a komodo dragon (very poisoned) and a necrophage.

Vanquished Creatures
  A black bear (D:6)
  A scorpion (D:5)
  2 jellies
  3 hounds
  A gnoll bouda (D:5)
  2 iguanas (D:5)
  An orc wizard (D:4)
  Robin (D:2)
  5 gnolls (D:5)
  6 adders
  An ufetubus (D:5)
  A worm (D:2)
  2 dart slugs
  9 orcs
  11 ball pythons
  4 bats (D:1)
  8 endoplasms
  2 giant cockroaches
  12 goblins
  9 hobgoblins
  3 kobolds
  3 quokkas
  3 frilled lizards
  8 rats
99 creatures vanquished.

Notes
Turn   | Place    | Note
-------+----------+-------------------------------------------
     0 | D:1      | Kinoniko the Ogre Fighter began the quest for the Orb.
     0 | D:1      | Reached XP level 1. HP: 24/24 MP: 1/1
   151 | D:1      | Reached XP level 2. HP: 32/32 MP: 2/2
   296 | D:1      | Reached skill level 3 in Axes
   302 | D:1      | Reached XP level 3. HP: 32/39 MP: 3/3
  1002 | D:2      | Reached XP level 4. HP: 34/48 MP: 4/4
  1175 | D:2      | Got Sif Muna's Writings on Blistering Shapeshifting
  1342 | D:2      | Noticed Robin
  1352 | D:2      | Reached skill level 4 in Axes
  1357 | D:2      | Killed Robin
  1456 | D:2      | Found a burning altar of Makhleb.
  1509 | D:2      | Reached XP level 5. HP: 50/54 MP: 5/5
  1699 | D:2      | Found Sashrufa's Jewellery Shop.
  2000 | D:3      | Found a blossoming altar of Fedhas.
  2359 | D:3      | Got Ekoumuhu's Quarto of Interference
  2755 | D:4      | Reached skill level 5 in Axes
  2755 | D:4      | Reached XP level 6. HP: 40/62 MP: 6/6
  2863 | D:4      | Found Zopyf's General Store.
  2867 | D:4      | Bought a scroll of identify for 28 gold pieces
  2867 | D:4      | Bought a scroll of brand weapon for 133 gold pieces
  3031 | D:4      | Found Dolago's Elemental Accessories.
  3169 | D:5      | Entered Level 5 of the Dungeon
  3730 | D:5      | Reached skill level 6 in Axes
  3864 | D:5      | Reached skill level 5 in Shields
  3864 | D:5      | Reached XP level 7. HP: 70/70 MP: 7/7
  4086 | D:5      | Found Ryphedarapt's Weapon Shoppe.
  4489 | D:6      | Found a snail-covered altar of Cheibriados.
  4518 | D:6      | Found a staircase to the Ecumenical Temple.
  4518 | D:6      | Noticed a komodo dragon
  4527 | D:6      | HP: 2/70 [komodo dragon (30)]
  4528 | D:6      | Demolished by a komodo dragon

Illustrated notes

Levels and vault maps discovered:
D:1:      lemuel_arrival_tunnels, layout_loops_ring, hex_large
D:2:      layout_loops_corners, basic_altar, serial_shops,
          nicolae_shop_advertising_works [nicolae_subvault_shop_adworks],
          minmay_indecisive_spiral, uniq_robin
D:3:      layout_rooms, fedhas_altar_1
D:4:      layout_gridville, serial_shops, shop, nicolae_elemental_shop,
          minivault_26, minmay_misc_feat_more_columns
D:5:      layout_loops_corners, serial_shops, nicolae_stop_n_shop_2,
          grunt_ministairs_13, nicolae_hexahallways, abandoned_shop
D:6:      layout_loops_ring, general_overflow_altar,
          minmay_temple_entry_sparse_star

Skill      XL: |  1  2  3  4  5  6 |
---------------+-------------------+-----
Axes           | 3 4 5 6 |  6.7
Shields        | 4 5 |  5.3
Fighting       | |  4.0
Dodging        | |  2.6

Action                   |  1- 3 |  4- 6 |  7- 9 || total
-------------------------+-------+-------+-------++-------
Melee: War axe           |    70 |   134 |    26 ||   230
  Use: Potion            |       |     1 |     2 ||     3
       Scroll            |       |     9 |     3 ||    12
 Stab: Sleeping          |       |       |     1 ||     1
Armor: Robe              |    19 |    37 |     6 ||    62
Dodge: Dodged            |    25 |    51 |     8 ||    84
Block: Kite shield       |    33 |    64 |    14 ||   111

Table legend: (Time is in decaauts)
 A = Elapsed time spent in this place.
 B = Non-inter-level travel time spent in this place.
 C = Inter-level travel time spent in this place.
 D = Time resting spent in this place.
 E = Time spent auto-exploring this place.
 F = Levels seen in this place.
 G = Mean time per level.
                   A        B        C        D        E       F      G
               +--------+--------+--------+--------+--------+-----+--------+
         Total |   4624 |   4402 |    222 |    201 |   3513 |   6 |  770.7 |
       Dungeon |   4624 |   4402 |    222 |    201 |   3513 |   6 |  770.7 |
               +--------+--------+--------+--------+--------+-----+--------+

Top non-repeatable levels by time:
     D:5: 1255 daAuts
     D:2: 1134 daAuts
     D:1: 803 daAuts
     D:3: 664 daAuts
     D:4: 644 daAuts
     D:6: 121 daAuts
